[Event "4th Ordu Open 2018"]
[Site "Ordu"]
[Date "2018.04.10"]
[Round "2.13"]
[White "Kamer, Kayra"]
[Black "Kocyigit, Buse Naz"]
[Result "1-0"]
[ECO "A00"]
[WhiteElo "2185"]
[BlackElo "1831"]
[Annotator "NA"]
[PlyCount "51"]
[EventType "swiss"]
[EventCountry "TUR"]
[SourceTitle "playchess.com"]
[Source "ChessBase"]
[SourceQuality "1"]
[TimeControl "5400+30"]

1. Nc3 d5 2. e4 d4 3. Nce2 c5 4. Ng3 Nc6 $11 {[%emt 0:00:00] LiveBook: 39 Games} 5. Nf3 h5 6. Bc4 Nf6 7. d3 b5 8. Bb3 e6 9. Bg5 Be7 10. a4 b4 11. Qe2 Ba6 12. e5 Nd5 13. Bxe7 Qxe7 14. Bxd5 exd5 15. Nf5 Qf8 16. e6 f6 17. N3h4 Ne5 18. f4 g5 19. e7 Qg8 20. fxe5 gxh4 21. exf6 Kd7 22. Qe5 Qe6 23. Qxe6+ Kxe6 24. O-O Kxf6 25. Rae1 Rae8 26. Nd6+ 1-0

[Event "4th Ordu Open 2018"]
[Site "Ordu"]
[Date "2018.04.10"]
[Round "2.16"]
[White "Mgeladze, Tamaz"]
[Black "Severcan, Sedat Sabri"]
[Result "1-0"]
[ECO "A14"]
[WhiteElo "2363"]
[BlackElo "1993"]
[Annotator "NA"]
[PlyCount "63"]
[EventType "swiss"]
[EventCountry "TUR"]
[SourceTitle "playchess.com"]
[Source "ChessBase"]
[SourceQuality "1"]
[TimeControl "5400+30"]

1. c4 e6 2. g3 d5 3. Nf3 Nf6 4. Bg2 Be7 5. O-O O-O 6. b3 Nbd7 7. Nc3 Nc5 8. d3 c6 9. b4 Ncd7 10. b5 c5 11. e3 Re8 12. Bb2 Nf8 13. Qe2 Ng6 14. Rfe1 Rb8 15. Rad1 dxc4 16. dxc4 Qc7 17. h4 h5 18. e4 e5 19. Nd5 Nxd5 20. exd5 Bd6 21. Nh2 Qa5 22. a3 a6 23. Be4 axb5 24. Qxh5 Nf8 25. Nf3 g6 26. Qh6 Bg4 27. Re3 bxc4 28. Rde1 Qc7 29. Bc2 Bxf3 30. Rxf3 Qd7 31. h5 Qh3 32. Rxf7 1-0

[Event "4th Ordu Open 2018"]
[Site "Ordu"]
[Date "2018.04.10"]
[Round "2.18"]
[White "Asadi, Motahare"]
[Black "Alinasab, Mobina"]
[Result "1/2-1/2"]
[ECO "A05"]
[WhiteElo "2046"]
[BlackElo "2320"]
[Annotator "NA"]
[PlyCount "108"]
[EventType "swiss"]
[EventCountry "TUR"]
[SourceTitle "playchess.com"]
[Source "ChessBase"]
[SourceQuality "1"]
[TimeControl "5400+30"]

1. Nf3 {[%emt 0:00:30] 0} Nf6 {[%emt 0:01:00] 0} 2. g3 {[%emt 0:00:30] 0} b5 3. Bg2 Bb7 4. O-O e6 5. d3 $11 {[%emt 0:00:30] LiveBook: 557 Games} d5 6. Nfd2 Be7 7. e4 c5 8. c4 bxc4 9. exd5 Bxd5 10. Qa4+ Qd7 11. Qxd7+ Nbxd7 12. dxc4 Bxg2 13. Kxg2 Ne5 14. b3 O-O 15. Nc3 Rfd8 16. Rd1 Nd3 17. h3 Nd7 18. Nf3 Nb8 19. Bg5 f6 20. Be3 Nc6 21. Rd2 Rd7 22. Rad1 Rad8 23. Na4 h6 24. Kf1 Nce5 25. Nxe5 Nxe5 26. Ke2 Rxd2+ 27. Rxd2 Rxd2+ 28. Kxd2 Nd7 29. f4 f5 30. Kc2 a6 31. Kb2 Kf7 32. Ka3 Ke8 33. Nb2 Kd8 34. Nd3 Kc7 35. Kb2 Kc6 36. Kc2 Bd6 37. a3 Nf6 38. b4 cxb4 39. axb4 Ne4 40. g4 fxg4 {[%emt 0:00:30] 7} 41. hxg4 Nf6 {[%emt 0:00:00] 4} 42. g5 Ng4 {[%emt 0:00:00] 7} 43. Bd4 hxg5 {[%emt 0:14:30] 7} 44. fxg5 e5 {[%emt 0:00:00] 6} 45. Bc3 g6 {[%emt 0:00:00] 1} 46. Ne1 e4 {[%emt 0:09:30] 3} 47. Ng2 Bg3 {[%emt 0:00:30] 5} 48. Bd4 Kd6 {[%emt 0:05:30] 9} 49. b5 axb5 {[%emt 0:00:30] 9} 50. cxb5 Kd5 {[%emt 0:00:30] 4} 51. Ba7 Ne5 52. Kc3 Nf3 53. Be3 Bd6 54. Bc1 Bc7 1/2-1/2

[Event "4th Ordu Open 2018"]
[Site "Ordu"]
[Date "2018.04.10"]
[Round "2.19"]
[White "Tanriverdi, Enes"]
[Black "Karaahmetoglu, Ege"]
[Result "1-0"]
[ECO "E15"]
[WhiteElo "2314"]
[BlackElo "2017"]
[Annotator "NA"]
[PlyCount "119"]
[EventType "swiss"]
[EventCountry "TUR"]
[SourceTitle "playchess.com"]
[Source "ChessBase"]
[SourceQuality "1"]
[TimeControl "5400+30"]

1. d4 Nf6 2. c4 e6 3. Nf3 b6 4. g3 Ba6 5. b3 Bb4+ 6. Bd2 Be7 $11 7. Nc3 {[%emt 0:00:00] LiveBook: 987 Games} d5 8. cxd5 exd5 9. Bg2 O-O 10. O-O Re8 11. Ne5 Bb7 12. Qc2 Nbd7 13. Bf4 Bd6 14. Nxd7 Qxd7 15. Bxd6 cxd6 16. e3 Rac8 17. Qb2 Ne4 18. Ne2 Ba6 19. Rfc1 Bxe2 20. Qxe2 Rxc1+ 21. Rxc1 Rc8 22. Rc2 g6 23. Qd3 f5 24. Bf3 Kg7 25. Kg2 Kh6 26. h4 Qd8 27. b4 Qd7 28. Be2 Rxc2 29. Qxc2 b5 30. f3 Nf6 31. Qd3 Qe6 32. Bf1 a6 33. Qc3 f4 34. exf4 Nh5 35. Qc1 Qf5 36. Kf2 Kg7 37. Qc7+ Kg8 38. g4 Qxf4 39. Qd8+ Kf7 40. gxh5 Qxd4+ 41. Kg2 Qxb4 42. Qc7+ Kg8 43. Qc8+ Kg7 44. Qb7+ Kh6 45. Qxd5 Qxh4 46. hxg6 hxg6 47. Qxd6 Qg5+ 48. Qg3 Qd2+ 49. Qf2 Qg5+ 50. Kh1 Qf6 51. Bh3 Qf4 52. Bg4 Qc1+ 53. Kg2 Qa3 54. Kh3 a5 55. Be6 Qc1 56. Qh4+ Kg7 57. Qe7+ Kh6 58. Qf8+ Kg5 59. Qd8+ Kh6 60. Qh8+ 1-0

[Event "4th Ordu Open 2018"]
[Site "Ordu"]
[Date "2018.04.10"]
[Round "2.20"]
[White "Acar, Utku Cengiz"]
[Black "Dogan, Nazmi Can"]
[Result "1/2-1/2"]
[ECO "B00"]
[WhiteElo "2026"]
[BlackElo "2290"]
[Annotator "NA"]
[PlyCount "65"]
[EventType "swiss"]
[EventCountry "TUR"]
[SourceTitle "playchess.com"]
[Source "ChessBase"]
[SourceQuality "1"]
[TimeControl "5400+30"]

1. e4 b6 2. d4 Bb7 3. Bd3 e6 4. Nf3 c5 5. c3 Nf6 6. Qe2 d5 7. e5 Nfd7 8. Ng5 g6 9. a3 Qe7 10. b4 Nc6 11. Nf3 Bg7 12. Bf4 f6 13. b5 Na5 14. Nbd2 O-O 15. O-O f5 16. Rfc1 Rfc8 17. Qd1 cxd4 18. cxd4 Rxc1 19. Qxc1 Rc8 20. Qb2 h6 21. h4 Bf8 22. a4 Kg7 23. Rc1 Qd8 24. Rxc8 Qxc8 25. Qc2 Be7 26. Qxc8 Bxc8 27. g3 Nf8 28. Be3 Nh7 29. Be2 g5 30. hxg5 hxg5 31. Ne1 Bd7 32. f4 g4 33. Nc2 1/2-1/2

[Event "4th Ordu Open 2018"]
[Site "Ordu"]
[Date "2018.04.10"]
[Round "2.21"]
[White "Kaplan, Ebru"]
[Black "Aytekin, Murat Eren"]
[Result "1/2-1/2"]
[ECO "B06"]
[WhiteElo "1904"]
[BlackElo "2139"]
[Annotator "NA"]
[PlyCount "120"]
[EventType "swiss"]
[EventCountry "TUR"]
[SourceTitle "playchess.com"]
[Source "ChessBase"]
[SourceQuality "1"]
[TimeControl "5400+30"]

1. e4 {[%emt 0:01:30] 4} g6 {[%emt 0:01:00] 4} 2. d4 {[%emt 0:00:00] 4} Bg7 3. Nc3 d6 4. f4 a6 $14 {[%emt 0:00:00] LiveBook: 1122 Games} 5. Nf3 b5 6. Bd3 Nd7 7. O-O c5 8. Be3 Bb7 9. e5 cxd4 10. Bxd4 Nh6 11. Qe2 O-O 12. Kh1 dxe5 13. fxe5 Qc7 14. Rae1 e6 15. Ne4 Bxe4 16. Qxe4 Nf5 {[%emt 0:03:30] 4} 17. Bc3 Nc5 {[%emt 0:01:30] 0} 18. Qe2 Nxd3 {[%emt 0:03:30] 9} 19. Qxd3 Rac8 {[%emt 0:06:30] 5} 20. Ng5 h6 {[%emt 0:08:30] 3} 21. Ne4 Qc4 {[%emt 0:04:30] ]} 22. Qh3 h5 {[%emt 0:03:30] 3} 23. a3 Qd5 24. Nf6+ Bxf6 25. exf6 Rfd8 26. Re5 Qc4 27. Qf3 Qg4 28. Qf2 h4 29. Rfe1 Rc4 30. Qb6 Rdc8 31. Qb7 R4c7 32. Qb6 h3 33. Qf2 Nh4 34. gxh3 Qf3+ 35. Kg1 Qxf2+ 36. Kxf2 Rd7 37. R5e4 Nf5 38. R1e2 Rd1 39. a4 Rcd8 40. axb5 axb5 41. Re1 R1d5 42. Ke2 Nd6 43. Rh4 Nc4 44. Ra1 Nd6 45. Rg1 Ne8 46. Rf4 e5 47. Rf3 R8d6 48. Rgf1 Rb6 49. Re3 Re6 50. Ref3 Nd6 51. h4 Nf5 52. h5 b4 53. hxg6 fxg6 54. Rg1 Kf7 55. Bxb4 Nd4+ 56. Kf2 Nxf3 57. Kxf3 Kxf6 58. Ke3 e4 59. Rg4 Kf5 60. Rf4+ Ke5 1/2-1/2

[Event "4th Ordu Open 2018"]
[Site "Ordu"]
[Date "2018.04.10"]
[Round "2.22"]
[White "Gucin, Zafer"]
[Black "Sebt Rasoul, Seyede Setare"]
[Result "0-1"]
[ECO "E62"]
[WhiteElo "2019"]
[BlackElo "1960"]
[Annotator "NA"]
[PlyCount "62"]
[EventType "swiss"]
[EventCountry "TUR"]
[SourceTitle "playchess.com"]
[Source "ChessBase"]
[SourceQuality "1"]
[TimeControl "5400+30"]

1. d4 Nf6 2. c4 g6 3. Nc3 Bg7 4. g3 O-O 5. Bg2 d6 6. Nf3 Nc6 7. O-O e5 8. d5 Ne7 9. e4 Nd7 10. Ne1 f5 11. Nd3 fxe4 12. Nxe4 Nf6 13. Bg5 Nxe4 14. Bxe4 Bh3 15. Re1 Qd7 16. Bd2 Nf5 17. Bc3 Qf7 18. f4 Nd4 19. fxe5 dxe5 20. Bxd4 exd4 21. Nf4 Qd7 22. c5 Rae8 23. c6 bxc6 24. dxc6 Qc8 25. Qb3+ Kh8 26. Qb7 Qg4 27. Bg2 Bxg2 28. Rxe8 Rxe8 29. Nxg2 d3 30. Qxc7 Bd4+ 31. Kh1 d2 0-1

[Event "4th Ordu Open 2018"]
[Site "Ordu"]
[Date "2018.04.10"]
[Round "2.23"]
[White "Maghsoudloo, Amir Ali"]
[Black "Gokbulut, Julia"]
[Result "1-0"]
[ECO "E65"]
[WhiteElo "1911"]
[BlackElo "2063"]
[Annotator "NA"]
[PlyCount "155"]
[EventType "swiss"]
[EventCountry "TUR"]
[SourceTitle "playchess.com"]
[Source "ChessBase"]
[SourceQuality "1"]
[TimeControl "5400+30"]

1. Nf3 Nf6 2. g3 g6 3. b3 Bg7 4. Bb2 O-O 5. Bg2 $11 {[%emt 0:00:00] LiveBook: 1969 Games} c5 6. O-O d6 7. d4 cxd4 8. Nxd4 a6 9. c4 Qc7 10. Nc3 Bg4 11. Rc1 e5 12. Nc2 Bh6 13. Ne3 Be6 14. Ncd5 Bxd5 15. cxd5 Qe7 16. Rc2 b5 17. Qa1 Bxe3 18. fxe3 Ng4 19. Qc1 Ra7 20. h3 Nf6 21. Rc8 Nbd7 22. Rc7 Rfa8 23. h4 Ne8 24. Rc6 a5 25. Bh3 Nc5 26. Qa1 Ne4 27. Kh2 a4 28. Bg2 N4f6 29. Qc1 axb3 30. axb3 Ra2 31. Kh1 Kg7 32. Rc2 Nh5 33. Rf3 R8a7 34. Qd2 Kg8 35. Rc8 e4 36. Rf2 Nxg3+ 37. Kg1 Nf5 38. Qc3 f6 39. Rf4 b4 40. Qxf6 Qxf6 41. Bxf6 Kf7 42. Bd4 Re7 43. Bxe4 Neg7 44. Bd3 Re8 45. Rc7+ Re7 46. Rxe7+ Kxe7 47. Bxg7 Nxg7 48. Rxb4 Kf6 49. Rb7 Nf5 50. Rxh7 Nxe3 51. Rd7 Nxd5 52. Rxd6+ Ke5 53. Rxg6 Nf4 54. Rg8 Kd4 55. Rg4 Ke3 56. Rg3+ Kd2 57. Rf3 Ne6 58. Bc4 Ng7 59. e4 Ra5 60. Rd3+ Ke1 61. Re3+ Kd2 62. Re2+ Kd1 63. e5 Nf5 64. e6 Ne7 65. Rh2 Ke1 66. Re2+ Kd1 67. Re4 Kd2 68. Rd4+ Ke3 69. Rd3+ Kf4 70. Kf2 Ra2+ 71. Ke1 Nf5 72. Rd2 Ra1+ 73. Kf2 Rh1 74. Kg2 Rxh4 75. Rf2+ Kg5 76. Rxf5+ Kxf5 77. e7 Rh8 78. Bf7 1-0

[Event "4th Ordu Open 2018"]
[Site "Ordu"]
[Date "2018.04.10"]
[Round "2.24"]
[White "Sahin, Doga Boran"]
[Black "Peker, Serdar"]
[Result "1/2-1/2"]
[ECO "B66"]
[WhiteElo "2005"]
[BlackElo "1821"]
[Annotator "NA"]
[PlyCount "79"]
[EventType "swiss"]
[EventCountry "TUR"]
[SourceTitle "playchess.com"]
[Source "ChessBase"]
[SourceQuality "1"]
[TimeControl "5400+30"]

1. e4 {[%emt 0:00:30] 4} c5 {[%emt 0:01:00] 4} 2. Nf3 {[%emt 0:00:00] 4} d6 3. d4 cxd4 4. Nxd4 Nf6 5. Nc3 Nc6 6. Bg5 e6 $14 {[%emt 0:00:00] LiveBook: 14029 Games} 7. Qd2 Be7 8. O-O-O a6 9. f4 Qc7 10. Bxf6 gxf6 11. Be2 Nxd4 12. Qxd4 Qc5 13. Qxc5 dxc5 14. Na4 b5 15. Nb6 Rb8 16. Nxc8 Rxc8 17. c4 b4 18. Rd3 O-O 19. Rd7 Bd8 20. Bh5 Bc7 21. g3 a5 22. Rhd1 a4 23. Re7 b3 24. axb3 axb3 25. Rd3 Ba5 26. Ra7 Rcd8 27. Rxb3 Bb4 28. e5 f5 29. Be2 Rd4 30. Rd3 Rxd3 31. Bxd3 Be1 32. Kc2 Bf2 33. Be2 Bg1 34. Ra1 Bd4 35. Rd1 Rb8 36. Rb1 Kf8 37. Bf3 Ke7 38. b3 Rb6 39. Kd3 Ra6 40. Be2 1/2-1/2